 Dungeon Crawl Stone Soup version 0.16.1-11-g651b585 (webtiles) character file.

103720 Chiseanne the Blocker (level 15, -3/127 HPs)
             Began as a Demonspawn Monk on Apr 1, 2015.
             Was a High Priest of Okawaru.
             Slain by a jumping spider (7 damage)
             ... on level 1 of the Spider Nest on Apr 3, 2015.
             The game lasted 01:54:47 (31556 turns).

Chiseanne the Blocker (Demonspawn Monk)            Turns: 31556, Time: 01:54:48

Health: -3/127     AC: 25    Str: 10      XL:     15   Next: 89%
Magic:  0/29       EV: 17    Int: 11 (16) God:    Okawaru [*****.]
Gold:   1083       SH: 16    Dex: 15 (17) Spells: 2 memorised, 10 levels left

rFire  + . .     SeeInvis .     a - +4 broad axe (chop)
rCold  + + .     Clarity  +     D - +5 scale mail of Okawaru's Displeasure {god gift, rElec rC+ Str-5 Int+3 Slay+2}
rNeg   . . .     SustAb   .     c - +2 shield {reflect}
rPois  +         Gourm    .     (helmet unavailable)
rElec  +         Spirit   +     C - +1 cloak
rCorr  .         Warding  .     P - +0 pair of gloves
rMut   .         Stasis   .     Y - +2 pair of boots {Fly} {god gift}
MR     ++...                    k - amulet "Myton" {Clar rPois rC+ Slay+3}
Stlth  +++.......               p - ring of protection from fire
                                z - ring of protection from magic

@: heroism, flying, very resistant to hostile enchantments, fairly stealthy
A: horns 3, rugged brown scales 3, nightstalker 1, magic shield
a: Heroism, Finesse, Renounce Religion, Stop Flying


You were on level 1 of the Spider Nest.
You worshipped Okawaru.
Okawaru was extremely pleased with you.
You were not hungry.

You visited 5 branches of the dungeon, and saw 29 of its levels.
You also visited: Labyrinth and Ice Cave.

You collected 1678 gold pieces.
You spent 595 gold pieces at shops.

Inventory:

Hand weapons
 a - a +4 broad axe of chopping (weapon)
 q - a +0 blowgun
 s - a +2 whip of electrocution
 X - the +3 scimitar of Boppuipe {slice, +Fly rElec rF+ Str-3 SInv}
   (You found it on level 2 of the Lair of Beasts)

   It inflicts extra damage upon your enemies.
   It affects your strength (-3).
   It protects you from fire.
   It insulates you from electricity.
   It enhances your eyesight.
   It lets you fly.
Missiles
 n - 87 poisoned needles
 S - 7 throwing nets (quivered)
Armour
 c - a +2 shield of reflection (worn)
 C - a +1 cloak (worn)
 D - the +5 scale mail of Okawaru's Displeasure (worn) {god gift, rElec rC+ Str-5 Int+3 Slay+2}
   (Okawaru gifted it to you on level 4 of the Lair of Beasts)

   It affects your strength (-5).
   It affects your intelligence (+3).
   It affects your accuracy and damage with ranged weapons and melee attacks
   (+2).
   It protects you from cold.
   It insulates you from electricity.
 P - a +0 pair of gloves (worn)
 Y - a +2 pair of boots of flying (worn) {god gift}
Jewellery
 k - the amulet "Myton" (around neck) {Clar rPois rC+ Slay+3}
   (You took it off a minotaur in a labyrinth)

   [amulet of clarity]

   It provides mental clarity.
   It affects your accuracy and damage with ranged weapons and melee attacks
   (+3).
   It protects you from cold.
   It protects you from poison.
 p - a ring of protection from fire (right hand)
 z - a ring of protection from magic (left hand)
Magical devices
 d - a wand of fireball (1)
 H - a wand of digging (2)
 N - a wand of lightning (1)
 W - a wand of digging (8)
Scrolls
 e - 9 scrolls of teleportation
 l - 5 scrolls of identify
 o - 4 scrolls of fog
 w - 2 scrolls of silence
 y - 6 scrolls of remove curse
 M - 4 scrolls of blinking
 U - 3 scrolls of magic mapping
 V - a scroll of fear
Potions
 f - 5 potions of restore abilities
 g - 2 potions of invisibility
 i - 2 potions of cancellation
 j - 2 potions of haste
 r - 2 potions of agility
 t - 13 potions of curing
 G - 4 potions of resistance
 I - 5 potions of berserk rage
 J - 4 potions of might
Miscellaneous
 u - a stone of tremors
 v - a lamp of fire
 L - a sack of spiders {used: 3}
Comestibles
 b - 13 bread rations
 A - 7 meat rations


   Skills:
 - Level 11.2(16.2) Fighting
 * Level 12.3(17.3) Axes
 - Level 1.2(13.1) Maces & Flails
   Level 6.0(11.0) Slings
 * Level 8.2(13.2) Armour
 - Level 11.6(16.6) Dodging
 - Level 1.7(6.7) Stealth
 * Level 13.0(18.0) Shields
 - Level 3.6(8.6) Unarmed Combat
 * Level 11.1 Invocations


You had 10 spell levels left.
You knew the following spells:

 Your Spells              Type           Power        Failure   Level  Hunger
a - Blink                 Tloc           N/A          99%         2    ###....
b - Repel Missiles        Chrm/Air       #.....       99%         2    ###....


Dungeon Overview and Level Annotations

Branches:
Dungeon (15/15)            Temple (1/1) D:6            Lair (8/8) D:10
 Shoals (0/5) Lair:3       Spider (4/5) Lair:3        Slime (0/6) Lair:6
    Orc (1/4) D:12         Vaults (0/5) D:14         Depths (0/5) D:15

Altars:
Ashenzari
Cheibriados
Dithmenos
Elyvilon
Fedhas
Gozag
Kikubaaqudgha
Makhleb
Nemelex Xobeh
Okawaru
Ru
Sif Muna
Trog
Vehumet
Xom
Yredelemnul
Zin
The Shining One

Shops:
D:10 *   D:11 *   D:13 =

Portals:
Trove: D:10 (give 14 potions of heal wounds)

Annotations:
D:3 Sigmund
D:5 exclusion: downstairs
D:8 exclusion: 2 oklob saplings


Innate Abilities, Weirdness & Mutations

You have a pair of large horns on your head.
You are completely covered in rugged brown scales (AC +3, +7% HP).
You are slightly more attuned to the shadows.
When hurt, damage is shared between your health and your magic reserves.


Message History

The wolf spider is severely wounded.
The wolf spider hits you but does no damage.
The wolf spider bites you.
* * * LOW HITPOINT WARNING * * *
You block the trapdoor spider's attack. The demonic crawler misses you.
The demonic crawler barely misses you. You block the demonic crawler's attack.
You hit the demonic crawler but do no damage.
You headbutt the demonic crawler.
The demonic crawler is lightly wounded.
You hit the wolf spider.
The wolf spider is almost dead.
You slash the trapdoor spider!
You kill the trapdoor spider!
Okawaru accepts your kill. The wolf spider closely misses you.
The wolf spider bites you!
* * * LOW HITPOINT WARNING * * *
You block the wolf spider's attack.
The wolf spider bites you but does no damage.
The jumping spider pounces on you!
You die...

##
#.......##
###.#.###
# ## ###
###ยง.##
#.@s..#
#ss#.^..#
#...# #...
...#.. #.
##.....
######. #


You could see a demonic crawler, a wolf spider and a jumping spider.

Vanquished Creatures
  Maud (Lair:6)
  Louise (D:15)
  A frost giant (D:15)
  An emperor scorpion (Spider:2)
  The ghost of ghwc the Zephyrmancer, a powerful TeWz of Ru (Lair:7)
  Snorg (D:14)
  A minotaur (Lab)
  A vault guard (D:14)
  Harold (D:14)
  9 hydras
  3 centaur warriors
  4 catoblepae
  11 death yaks (Lair:8)
  The ghost of Magnus the Skirmisher, an experienced DsWr of Makhleb (D:8)
  2 tengu warriors (D:13)
  The ghost of Harvey99999 the Shield-Bearer, an experienced NaFi of the Shining One (D:6)
  3 unseen horrors
  3 ice statues (IceCv)
  A lindwurm (Lair:2)
  An orc knight (D:15)
  Pikel (D:6)
  An orc sorcerer (D:15)
  9 hill giants
  A manticore (D:15)
  A wolf spider (Spider:1)
  4 cyclopes
  14 ugly things (D:15)
  6 black mambas
  3 centaur zombies
  15 elephants
  2 gargoyles
  A torpor snail (Lair:4)
  6 spiny frogs
  Psyche (D:8)
  2 yaktaurs
  A demonic crawler (Spider:2)
  7 komodo dragons
  2 tengu conjurers (D:13)
  A kobold demonologist (D:13)
  4 trolls
  A wolf spider simulacrum (D:15)
  2 polar bears
  4 wandering mushrooms
  A hellwing (D:15)
  A hornet zombie (D:14)
  2 ravens (D:13)
  A harpy zombie (D:13)
  2 harpy skeletons (D:15)
  A polar bear (shapeshifter) (D:15)
  2 basilisks
  A snapping turtle (Lair:3)
  29 blink frogs
  A deep elf mage (D:10)
  A vampire (D:14)
  2 tarantellas (Spider:2)
  A wyvern (D:9)
  2 trapdoor spiders
  3 wraiths
  A centaur simulacrum (D:15)
  7 redbacks (Spider:2)
  2 water elementals (D:15)
  A spriggan (shapeshifter) (D:14)
  A spriggan (Lair:4)
  2 shadows
  Eustachio (D:6)
  25 yaks
  12 hippogriffs
  Grum (D:10)
  A steam dragon (D:13)
  2 hungry ghosts
  6 vampire mosquitoes
  Edmund (D:4)
  16 water moccasins
  Menkaure (D:5)
  24 wolves
  6 porcupines
  8 spiders (D:14)
  A necrophage (D:9)
  13 centaurs
  12 orc warriors
  4 sky beasts
  A hornet simulacrum (D:15)
  2 phantoms
  An eye of draining (D:12)
  26 ice beasts
  4 black bears
  2 boring beetles
  10 ogres
  4 wasps
  Duvessa (D:4)
  7 big kobolds
  12 crocodiles
  27 giant frogs
  A wyvern skeleton (D:6)
  3 scorpions
  10 killer bees
  20 wights
  4 electric eels
  Dowan (D:4)
  6 crimson imps
  A giant frog zombie (D:12)
  7 centaur skeletons
  3 quasits
  15 orc priests
  3 giant frog skeletons
  17 hounds
  11 iguanas
  3 jellies
  17 orc wizards
  Natasha (twice) (D:6)
  2 hell rats (D:10)
  12 worker ants
  29 sheep
  An ogre zombie (D:15)
  Ijyb (D:2)
  A hound zombie (D:6)
  4 mummies
  3 worker ant zombies
  Robin (D:2)
  28 adders
  4 gnolls (D:4)
  51 river rats
  A giant mite (D:1)
  5 white imps
  5 shadow imps
  An ufetubus (D:13)
  3 worms
  An adder zombie (D:8)
  3 adder skeletons
  4 giant geckos
  57 orcs
  A ball python (D:1)
  3 bat skeletons
  17 hobgoblins
  7 jackals
  22 kobolds
  16 quokkas
  14 bats
  4 giant cockroaches
  A giant gecko skeleton (D:5)
  3 giant newts
  A gnoll zombie (D:6)
  26 goblins
  An orc zombie (D:15)
  A quokka skeleton (D:9)
  13 rats
  4 ballistomycetes
  21 fungi
  4 plants
932 creatures vanquished.

Vanquished Creatures (collateral kills)
  A wolf spider (Spider:2)
  An orb spider (Spider:2)
  2 redbacks (Spider:2)
4 creatures vanquished.

Vanquished Creatures (others)
  A centaur warrior (D:14)
  A slave (D:6)
  3 spiders (Spider:2)
  An ice beast (IceCv)
  3 centaurs
  An orc priest (D:6)
  2 orc wizards
  5 orcs (D:6)
  Natasha (D:6)
  A bat (D:6)
  2 giant spores
  A gnoll zombie (D:6)
  16 fungi
  3 plants (Lair:8)
  4 toadstools (D:1)
45 creatures vanquished.

Grand Total: 981 creatures vanquished

Notes
Turn   | Place    | Note
--------------------------------------------------------------
     0 | D:1      | Chiseanne, the Demonspawn Monk, began the quest for the Orb.
     0 | D:1      | Reached XP level 1. HP: 18/18 MP: 1/1
   205 | D:1      | Gained mutation: You have a pair of small horns on your head. [demonic ancestry]
   205 | D:1      | Reached XP level 2. HP: 10/24 MP: 2/2
  1102 | D:2      | Noticed Robin
  1111 | D:2      | Killed Robin
  1111 | D:2      | Reached XP level 3. HP: 28/30 MP: 3/3
  1570 | D:2      | Noticed Ijyb
  1581 | D:2      | Killed Ijyb
  1581 | D:2      | Reached skill level 4 in Fighting
  1581 | D:2      | Gained mutation: You are partially covered in rugged brown scales (AC +1, +3% HP). [demonic ancestry]
  1581 | D:2      | Reached XP level 4. HP: 28/38 MP: 4/4
  1863 | D:2      | Noticed an ice beast
  1891 | D:2      | Killed an ice beast
  1891 | D:2      | Gained mutation: You are mostly covered in rugged brown scales (AC +2, +5% HP). [demonic ancestry]
  1891 | D:2      | Reached XP level 5. HP: 32/45 MP: 5/5
  2064 | D:3      | Found a sparkling altar of Nemelex Xobeh.
  2089 | D:3      | Reached skill level 1 in Slings
  2089 | D:3      | Reached skill level 1 in Shields
  2427 | D:3      | Noticed Sigmund
  3025 | D:3      | Reached skill level 1 in Armour
  3036 | D:3      | Gained mutation: You have a pair of horns on your head. [demonic ancestry]
  3036 | D:3      | Reached XP level 6. HP: 47/51 MP: 6/6
  3064 | D:5      | Entered Level 5 of the Dungeon
  3077 | D:4      | Found a shimmering altar of Xom.
  3308 | D:4      | Reached XP level 7. HP: 57/57 MP: 7/7
  3376 | D:4      | Noticed Duvessa
  3376 | D:4      | Noticed Dowan
  3385 | D:4      | Killed Duvessa
  3385 | D:4      | Reached skill level 5 in Fighting
  3403 | D:4      | Killed Dowan
  3842 | D:4      | Noticed Edmund
  3867 | D:4      | Killed Edmund
  3867 | D:4      | Reached skill level 5 in Dodging
  4118 | D:4      | Reached XP level 8. HP: 26/66 MP: 8/8
  5078 | D:5      | Noticed Menkaure
  5083 | D:5      | Killed Menkaure
  5211 | D:5      | Found a glowing golden altar of the Shining One.
  5382 | D:5      | Reached skill level 5 in Slings
  5442 | D:5      | Found a sacrificial altar of Ru.
  5705 | D:6      | Reached skill level 6 in Dodging
  5711 | D:6      | Found a staircase to the Ecumenical Temple.
  5743 | D:6      | Noticed Harvey99999's ghost (experienced NaFi)
  5745 | Temple   | Entered the Ecumenical Temple
  5925 | Temple   | Became a worshipper of Warmaster Okawaru
  5925 | Temple   | Acquired Okawaru's first power
  6236 | D:6      | Noticed Eustachio
  6254 | D:6      | Killed Eustachio
  6337 | D:6      | Gained mutation: When hurt, damage is shared between your health and your magic reserves. [demonic ancestry]
  6337 | D:6      | Reached XP level 9. HP: 63/72 MP: 9/9
  6452 | D:6      | Noticed Pikel
  6484 | D:6      | Killed Pikel
  6484 | D:6      | Reached skill level 7 in Dodging
  6845 | D:6      | Killed Harvey99999's ghost
  6858 | D:6      | Found a white marble altar of Elyvilon.
  6864 | D:6      | Noticed Natasha
  6872 | D:6      | Killed Natasha
  6983 | D:6      | Noticed Natasha
  6993 | D:6      | Killed Natasha
  6995 | D:6      | Reached skill level 8 in Dodging
  7170 | D:6      | Found a basalt altar of Yredelemnul.
  7194 | D:6      | Noticed Natasha
  7200 | D:6      | Killed Natasha
  7593 | D:7      | Gained mutation: You have a pair of large horns on your head. [demonic ancestry]
  7593 | D:7      | Reached XP level 10. HP: 79/82 MP: 10/10
  8144 | D:8      | Noticed Psyche
  8192 | D:8      | Killed Psyche
  8192 | D:8      | Reached skill level 1 in Invocations
  8305 | D:8      | Reached skill level 9 in Dodging
  9108 | D:8      | Noticed Magnus' ghost (experienced DsWr)
  9557 | D:8      | Killed Magnus' ghost
  9557 | D:8      | Received a gift from Okawaru
  9593 | D:8      | Reached skill level 5 in Shields
  9851 | D:8      | Found a blossoming altar of Fedhas.
 10212 | D:9      | Received a gift from Okawaru
 10214 | D:9      | Noticed a hill giant
 10237 | D:9      | Killed a hill giant
 10237 | D:9      | Reached skill level 10 in Dodging
 10509 | D:9      | Reached skill level 5 in Armour
 10509 | D:9      | Reached XP level 11. HP: 55/90 MP: 14/17
 10845 | D:9      | Received a gift from Okawaru
 11315 | D:9      | Got a bronze ring mail
 11870 | D:9      | Found a deep blue altar of Sif Muna.
 12043 | D:9      | Identified the -3 ring mail of the Griffon {rElec Int+7 Stlth-} (You found it on level 9 of the Dungeon)
 12104 | D:10     | Entered Level 10 of the Dungeon
 12104 | D:10     | Noticed Grum
 12108 | D:10     | Killed Grum
 12457 | D:10     | Noticed a hill giant
 12469 | D:10     | Killed a hill giant
 12643 | D:10     | Found Saeni's General Store.
 12649 | D:10     | Bought a scroll of holy word for 105 gold pieces
 12649 | D:10     | Bought a scroll of noise for 14 gold pieces
 12672 | D:10     | Noticed a hill giant
 12682 | D:10     | Killed a hill giant
 12682 | D:10     | Reached skill level 11 in Dodging
 13199 | D:10     | Killed an unseen horror
 13199 | D:10     | Acquired Okawaru's second power
 13297 | D:10     | Noticed a centaur warrior
 13308 | D:10     | Killed a centaur warrior
 13537 | D:10     | Reached skill level 5 in Invocations
 13570 | D:10     | Found a staircase to the Lair.
 13634 | D:10     | Found a portal to a secret trove of treasure.
 13770 | D:10     | Killed an unseen horror
 13884 | D:10     | Identified a scroll of acquirement
 14282 | D:10     | Noticed a hill giant
 14334 | D:10     | Killed a hill giant
 14334 | D:10     | Received a gift from Okawaru
 14334 | D:10     | Gained mutation: You are completely covered in rugged brown scales (AC +3, +7% HP). [demonic ancestry]
 14334 | D:10     | Reached XP level 12. HP: 89/100 MP: 19/21
 14390 | D:10     | Reached skill level 1 in Maces & Flails
 14657 | Lair:1   | Entered Level 1 of the Lair of Beasts
 14728 | Lair:1   | Got a slimy war axe
 14734 | Lair:1   | Identified the +6 war axe of the Pit {chop, Int+2} (You found it on level 1 of the Lair of Beasts)
 15117 | Lair:1   | Received a gift from Okawaru
 15124 | Lair:1   | Reached skill level 1 in Axes
 15697 | Lair:2   | Got a transparent scimitar
 15698 | Lair:2   | Identified the cursed +3 scimitar of Boppuipe {slice, +Fly rElec rF+ Str-3 SInv} (You found it on level 2 of the Lair of Beasts)
 15715 | Lair:2   | Noticed a seven-headed hydra
 15725 | Lair:2   | Killed a seven-headed hydra
 17082 | Lair:3   | Received a gift from Okawaru
 17240 | Lair:3   | Found a staircase to the Shoals.
 17524 | Lair:3   | Found a hole to the Spider Nest.
 17548 | Lair:3   | Noticed an eight-headed hydra
 17570 | Lair:3   | Killed an eight-headed hydra
 17570 | Lair:3   | Reached skill level 10 in Fighting
 18240 | Lair:3   | Gained mutation: You are slightly more attuned to the shadows. [demonic ancestry]
 18240 | Lair:3   | Reached XP level 13. HP: 102/110 MP: 21/24
 18326 | Lair:4   | Reached skill level 5 in Axes
 18774 | Lair:4   | Received a gift from Okawaru
 18778 | Lair:4   | Got a jewelled scale mail {god gift}
 18791 | Lair:4   | Identified the +5 scale mail of Okawaru's Displeasure {god gift, rElec rC+ Str-5 Int+3 Slay+2} (Okawaru gifted it to you on level 4 of the Lair of Beasts)
 19108 | Lair:5   | Learned a level 2 spell: Blink
 19111 | Lair:5   | Learned a level 2 spell: Repel Missiles
 19218 | Lair:5   | Reached skill level 10 in Shields
 20558 | Lair:6   | Found a staircase to the Slime Pits.
 20881 | Lair:6   | Noticed Maud
 20911 | Lair:6   | Killed Maud
 21064 | Lair:6   | Received a gift from Okawaru
 21129 | Lair:7   | Noticed ghwc's ghost (powerful TeWz)
 21146 | Lair:7   | Killed ghwc's ghost
 21629 | Lair:8   | Entered Level 8 of the Lair of Beasts
 21719 | Lair:8   | Reached XP level 14. HP: 96/120 MP: 18/26
 21731 | Lair:8   | Received a gift from Okawaru
 21969 | Lair:8   | Received a gift from Okawaru
 22478 | Lair:8   | Received a gift from Okawaru
 23502 | D:11     | Found Thamem's General Store.
 23506 | D:11     | Bought a scroll of teleportation for 45 gold pieces
 23506 | D:11     | Bought a scroll of magic mapping for 52 gold pieces
 23506 | D:11     | Bought a scroll of fog for 30 gold pieces
 23506 | D:11     | Bought a scroll of fog for 30 gold pieces
 23506 | D:11     | Bought a beef jerky for 22 gold pieces
 24169 | D:12     | Found a staircase to the Orcish Mines.
 25436 | D:13     | Reached skill level 10 in Axes
 25576 | D:13     | Found Qexta's Jewellery Boutique.
 25583 | D:13     | Bought an uncursed amulet of stasis for 297 gold pieces
 26428 | D:13     | Received a gift from Okawaru
 26767 | D:13     | Reached skill level 10 in Invocations
 26807 | D:13     | Reached skill level 12 in Shields
 27424 | D:14     | Reached XP level 15. HP: 76/127 MP: 17/28
 27431 | D:14     | Found a gate to the Vaults.
 27519 | D:14     | Found a labyrinth entrance.
 27528 | Lab      | Entered a labyrinth
 27696 | Lab      | Got a crude bone amulet
 27702 | Lab      | Got a pitted wooden ring
 27702 | Lab      | Identified the Incunabulum of Poisonous Sinister Magic
 27705 | Lab      | Identified the ring "Skas" {Ice rElec MR++ Str-4 Slay-4 Stlth+} (You found it in a labyrinth)
 27709 | Lab      | Identified the amulet "Myton" {Clar rPois rC+ Slay+3} (You took it off a minotaur in a labyrinth)
 28011 | D:14     | Noticed Harold
 28019 | D:14     | Killed Harold
 28192 | D:14     | Noticed Snorg
 28202 | D:14     | Killed Snorg
 28202 | D:14     | Received a gift from Okawaru
 28784 | D:15     | Entered Level 15 of the Dungeon
 28982 | D:15     | Found a frozen archway.
 29010 | IceCv    | Entered an ice cave
 29279 | D:15     | Received a gift from Okawaru
 29471 | D:15     | Found a staircase to the Depths.
 29834 | D:15     | Noticed Louise
 29857 | D:15     | Killed Louise
 30523 | Orc:1    | Entered Level 1 of the Orcish Mines
 30725 | Spider:1 | Entered Level 1 of the Spider Nest
 31286 | Spider:2 | Reached skill level 13 in Shields
 31556 | Spider:1 | HP: 4/127 [wolf spider (8)]
 31556 | Spider:1 | Slain by a jumping spider

Action                   |  1- 3 |  4- 6 |  7- 9 | 10-12 | 13-15 || total
-------------------------+-------+-------+-------+-------+-------++-------
Melee: Unarmed           |    97 |   118 |   342 |   246 |       ||   803
       Whip              |       |       |   104 |   690 |    55 ||   849
       Trident           |       |       |    13 |       |       ||    13
       War axe           |       |       |       |   339 |   902 ||  1241
       Broad axe         |       |       |       |       |   412 ||   412
 Fire: Hunting sling     |    10 |    60 |    82 |    70 |       ||   222
       Blowgun           |       |       |       |    14 |    15 ||    29
Throw: Stone             |       |     1 |       |       |       ||     1
Invok: Heroism           |       |       |     3 |    18 |    19 ||    40
       Finesse           |       |       |       |       |     4 ||     4
Evoke: Wand              |       |       |     1 |     3 |    21 ||    25
       Sack of spiders   |       |       |       |       |     3 ||     3
  Use: Scroll            |     3 |     5 |    10 |    23 |    16 ||    57
       Potion            |       |       |       |     2 |     5 ||     7
 Stab: Sleeping          |       |       |       |     8 |     4 ||    12
       Distracted        |       |       |       |     1 |     1 ||     2
       Invisible         |       |       |       |       |     7 ||     7
       Petrified         |       |       |       |       |     2 ||     2
       Petrifying        |       |       |       |       |     1 ||     1
       Held in net/web   |       |       |       |       |     2 ||     2
       Fleeing           |       |       |       |       |     1 ||     1
  Eat: Chunk             |     2 |     4 |     9 |    32 |    25 ||    72
       Pizza             |       |     1 |     4 |     1 |     1 ||     7
       Fruit             |       |       |       |     5 |     9 ||    14
       Beef jerky        |       |       |       |       |     6 ||     6
       Bread ration      |       |       |       |       |     1 ||     1
